 Dungeon Sprint DCSS version 0.30-a0-12-gd8047c6341 (webtiles) character file.

Game seed: 6237541763432497815

22675 Hubris850 the End of an Era (level 13, -4/94 (95) HPs)
             Began as a Hill Orc Monk on Aug 23, 2022.
             Was the Champion of Qazlal.
             Slain by an eight-headed hydra (glowing shapeshifter) (11 damage)
             ... in the Dungeon (Sprint V: "Ziggurat Sprint").
             The game lasted 00:11:25 (1464 turns).

Hubris850 the End of an Era (Hill Orc Monk)         Turns: 1464, Time: 00:11:26

HP:   -4/94 (95)    AC: 30    Str: 30    XL:     13   Next: 1%
MP:   31/39         EV:  2    Int:  5    God:    Qazlal [******]
Gold: 0             SH: 41    Dex: 13    Spells: 12/12 levels left

rFire   + . .      SeeInvis +    K - +6 shillelagh "Devastator" {shatter}
rCold   + . .      Faith    .    J - +18 shield of the Gong {rElec rN+ Will+ EV-5}
rNeg    + + .      Spirit   .    j - +5 gold dragon scales
rPois   +          Reflect  .    (no helmet)
rElec   +          Harm     .    (no cloak)
rCorr   +          Rampage  .    Z - +0 pair of gloves "Uloc Pedgh" {Regen+ SInv}
Will    ++...      NoTele   +    (no boots)
Stlth   ..........               N - amulet of Xelucuzi {Acrobat Will+ Int+2}
HPRegen 1.05/turn                M - ring of Xom's Flight of Fancy {rElec MP+9 Str+7 Int-3}
MPRegen 0.26/turn                W - ring "Daoripna" {rPois rN+ rCorr Str+4 Int-4}

@: lethally poisoned (-4 -> -11), protected from physical damage, lightly
drained, repel missiles
A: no striking features
a: Renounce Religion, Upheaval, Elemental Force, Disaster Area


You were in the Dungeon.
You worshipped Qazlal.
Qazlal was exalted by your worship.
You visited 1 branch

Inventory:

Hand Weapons
 o - the +9 staff of Olgreb {rPois∞}
   (You acquired it in the Dungeon)

   If the wielder is skilled in Evocations, they can envenom those struck by it,
   dealing poison damage which bypasses armour.
   It enhances your poison magic.
   It grants immunity to poison.
   It can be activated via the 'a'bility menu to radiate toxic energy, with
   effectiveness depending on Evocations skill.
 I - the +14 obsidian axe {vorpal, Mesm Drain Fly SInv}
   (You found it in the Dungeon)

   It inflicts extra damage upon your enemies.
   It occasionally summons demons to assist the wielder when it strikes in
   combat.
   Its wielder is mesmerised by any visible foes.
   It cannot be unequipped while any foes are visible.
   SInv:      It lets you see invisible.
   Fly:       It grants you flight.
   Drain:     It drains your maximum health when unequipped.
 K - the +6 shillelagh "Devastator" (weapon) {shatter}
   (You found it in the Dungeon)

   It releases a powerful concussive burst when it strikes, dealing extra damage
   to the target and all other foes adjacent to them.
 L - the +7 great mace "Firestarter" {inner flame, rF++}
   (You found it in the Dungeon)

   It burns those it strikes, dealing additional fire damage.
   It fills those it strikes with an explosive inner flame.
   It grants immunity to clouds of flame.
   rF:        It greatly protects you from fire.
Armour
 j - +5 gold dragon scales (worn)
 J - the +18 shield of the Gong (worn) {rElec rN+ Will+ EV-5}
   (You found it in the Dungeon)

   It is deafeningly noisy when blocking attacks.
   EV:        It affects your evasion (-5).
   rElec:     It insulates you from electricity.
   rN:        It protects you from negative energy.
   Will:      It increases your willpower.
 Z - the +0 pair of gloves "Uloc Pedgh" (worn) {Regen+ SInv}
   (You acquired it in the Dungeon)

   SInv:      It lets you see invisible.
   Regen:     It increases your rate of health regeneration.
Jewellery
 a - the ring of Zazoe {Int+4 Dex+6}
   (You found it in the Dungeon)

   [ring of dexterity]

   Int:       It affects your intelligence (+4).
   Dex:       It affects your dexterity (+6).
 b - the ring of Eggaeles {MP+9 Str-5 Dex+2 Stlth+}
   (You found it in the Dungeon)

   [ring of magical power]

   Str:       It affects your strength (-5).
   Dex:       It affects your dexterity (+2).
   MP:        It affects your magic capacity (+9).
   Stlth:     It makes you more stealthy.
 k - a ring of positive energy
 u - a ring of magical power
 v - the amulet of the Imbibing Traitor {Acrobat +Blink rPois}
   (You found it in the Dungeon)

   [amulet of the acrobat]

   It increases your evasion while moving and waiting.
   rPois:     It protects you from poison.
   +Blink:    It lets you blink.
 w - a ring of positive energy
 A - a ring of flight
 B - the amulet of the Four Winds {rN+ Will+++ Clar}
   (You found it in the Dungeon)

   [amulet of nothing]

   rN:        It protects you from negative energy.
   Clar:      It protects you against confusion.
   Will:      It greatly increases your willpower.
 M - the ring of Xom's Flight of Fancy (left hand) {rElec MP+9 Str+7 Int-3}
   (You found it in the Dungeon)

   [ring of magical power]

   Str:       It affects your strength (+7).
   Int:       It affects your intelligence (-3).
   rElec:     It insulates you from electricity.
   MP:        It affects your magic capacity (+9).
 N - the amulet of Xelucuzi (around neck) {Acrobat Will+ Int+2}
   (You found it in the Dungeon)

   [amulet of the acrobat]

   It increases your evasion while moving and waiting.
   Int:       It affects your intelligence (+2).
   Will:      It increases your willpower.
 R - the ring of Ninintuc {rC+ Str+4 Int+6}
   (You found it in the Dungeon)

   [ring of intelligence]

   Str:       It affects your strength (+4).
   Int:       It affects your intelligence (+6).
   rC:        It protects you from cold.
 S - a ring of ice
 W - the ring "Daoripna" (right hand) {rPois rN+ rCorr Str+4 Int-4}
   (You found it in the Dungeon)

   [ring of poison resistance]

   Str:       It affects your strength (+4).
   Int:       It affects your intelligence (-4).
   rPois:     It protects you from poison.
   rN:        It protects you from negative energy.
   rCorr:     It protects you from acid and corrosion.
 X - a +4 ring of evasion
 Y - the ring "Odov" {Fly rC+}
   (You found it in the Dungeon)

   [ring of flight]

   rC:        It protects you from cold.
   Fly:       It grants you flight.
Wands
 x - a wand of mindburst (7)
 y - a wand of iceblast (7)
 z - a wand of quicksilver (6)
 T - a wand of digging (6)
 U - a wand of flame (11)
Scrolls
 i - 4 scrolls of blinking
 q - 4 scrolls of amnesia
 r - 7 scrolls of fog
 s - 5 scrolls of identify
 t - 2 scrolls of fear
Potions
 c - a potion of ambrosia
 d - 10 potions of curing
 e - 9 potions of heal wounds
 f - 6 potions of haste
 g - 7 potions of magic
 h - 2 potions of berserk rage
 l - 2 potions of brilliance
 m - 2 potions of invisibility
 n - 4 potions of resistance
 p - 6 potions of might
 V - a potion of mutation {unknown}
Miscellaneous
 H - a lightning rod (4/4)


   Skills:
 + Level 3.6 Fighting
 - Level 9.5(14.7) Axes
 + Level 15.0(15.7) Maces & Flails
 - Level 16.4 Armour
 - Level 2.4 Dodging
 - Level 1.5 Stealth
 + Level 19.3 Shields
 * Level 26.1 Invocations


You had 12 spell levels left.
You didn't know any spells.
Your spell library contained the following spells:

 Spells                   Type           Power      Damage    Failure   Level
 Apportation              Tloc           0%         N/A       100%        1
 Magic Dart               Conj           0%         1d3       100%        1
 Necrotise                Necr           0%         1d4       100%        1
 Slow                     Hex            0%         N/A       100%        1
 Summon Small Mammal      Summ           0%         N/A       100%        1
 Call Imp                 Summ           0%         N/A       100%        2
 Ensorcelled Hibernation  Hex/Ice        0%         N/A       100%        2
 Poisonous Vapours        Pois/Air       0%         N/A       100%        2
 Searing Ray              Conj           0%         2d4       100%        2
 Dazzling Flash           Conj/Hex       0%         N/A       100%        3
 Mephitic Cloud           Conj/Pois/Air  0%         N/A       100%        3
 Portal Projectile        Hex/Tloc       0%         N/A       100%        3
 Spider Form              Tmut/Pois      0%         N/A       100%        3
 Summon Guardian Golem    Hex/Summ       0%         N/A       100%        3
 Tukima's Dance           Hex            0%         N/A       100%        3
 Vampiric Draining        Necr           0%         2d6       100%        3
 Anguish                  Hex/Necr       0%         N/A       100%        4
 Animate Dead             Necr           0%         N/A       100%        4
 Corpse Rot               Necr/Pois/Air  0%         N/A       100%        4
 Fulminant Prism          Conj/Hex       0%         3d6       100%        4
 Hailstorm                Conj/Ice       0%         3d3       100%        4
 Ice Form                 Ice/Tmut       0%         N/A       100%        4
 Iskenderun's Mystic Bla  Conj/Tloc      0%         2d3       100%        4
 Petrify                  Tmut/Erth      0%         N/A       100%        4
 Agony                    Necr           0%         N/A       100%        5
 Blade Hands              Tmut           0%         N/A       100%        5
 Freezing Cloud           Conj/Ice/Air   0%         6-21      100%        5
 Metabolic Englaciation   Hex/Ice        0%         N/A       100%        5
 Yara's Violent Unravell  Hex/Tmut       0%         3d3       100%        5
 Simulacrum               Ice/Necr       0%         N/A       100%        6
 Starburst                Conj/Fire      0%         6d3       100%        6
 Statue Form              Tmut/Erth      0%         N/A       100%        6
 Haunt                    Necr/Summ      0%         N/A       100%        7
 Infestation              Necr           0%         N/A       100%        8
 Chain Lightning          Conj/Air       0%         N/A       100%        9
 Fire Storm               Conj/Fire      0%         5d1       100%        9
 Polar Vortex             Ice            0%         N/A       100%        9
 Shatter                  Erth           0%         3d5*      100%        9


Dungeon Overview and Level Annotations

Branches:
Dungeon (1/1)

Altars:
Ashenzari
Cheibriados
Dithmenos
Elyvilon
Fedhas
Gozag
Hepliaklqana
Kikubaaqudgha
Makhleb
Nemelex Xobeh
Okawaru
Qazlal
Ru
Sif Muna
Trog
Uskayaw
Vehumet
Wu Jian
Xom
Yredelemnul
Zin
The Shining One
Beogh
Jiyva
Lugonu


Message History

The deep elf pyromancer is flash-frozen.
The blast of ice hits the deep elf master archer!!!
You kill the deep elf master archer!
Qazlal accepts your kill.
The blast of rubble hits the deep elf pyromancer!!!
You kill the deep elf pyromancer!
Qazlal accepts your kill.
The blast of rubble hits the earth elemental!
The earth elemental is heavily damaged.
The cutting wind hits the earth elemental!!!
You destroy the earth elemental!
Qazlal accepts your kill.
The blast of rubble hits the +2 vorpal flail!!!
The +2 vorpal flail falls from the air.
Qazlal accepts your kill.
The blast of rubble hits the deep elf pyromancer!
You kill the deep elf pyromancer!
Qazlal accepts your kill.
The blast of rubble hits the +3 long sword of draining!!!
The +3 long sword of draining falls from the air.
Qazlal accepts your kill.
The blast of ice hits the deep elf zephyrmancer!!
The deep elf zephyrmancer is severely wounded.
The deep elf zephyrmancer is flash-frozen.
The blast of ice hits the air elemental!!!
You destroy the air elemental!
Qazlal accepts your kill.
You hear a sizzling sound!
* * * LOW HITPOINT WARNING * * *
You feel very sick.
You block the deep elf zephyrmancer's attack.
GONNNNG!
You block the eight-headed hydra's attack.
PTOANNNG!
The eight-headed hydra bites you.
* * * LOW HITPOINT WARNING * * *
You block the eight-headed hydra's attack.
BOUMMMMG!
The eight-headed hydra bites you!
You die...

▓.8©8.▓.8©
▓≈≈}≈≈§|≈≈}≈▓▓...}.▓..)
▓≈≈≈§}§≈≈≈.≈▓▓.....▓...
▓§.≈§≈≈≈≈≈§.▓▓.....▓...
▓≈§§≈≈[≈≈§§≈▓▓.....▓...
▓§§§≈)≈≈§§§≈▓▓.....▓...
.≈[≈≈≈§≈..§ ▓..©..▓..©
▓°)☼).▓ ▓▓▓▓▓▓▓▓▓▓▓
▓▓e@D▓▓ ▓..8©8...▓.
▓..▓.○.°.▓..▓..|||...▓.
▓..≈..©§...§▓...[....▓.
▓▓▓▓▓▓▓▓▓▓▓▓▓........▓.
▓....8©8.[..▓........▓.
▓....[......▓.▓....▓.▓.
▓.....:..|..▓...©....▓.
▓...}.......▓▓▓▓▓▓▓▓▓▓▓
▓...........▓...8©8...▓


You could see an eight-headed hydra shaped shifter and a deep elf zephyrmancer
(frozen).

Vanquished Creatures
  A deep elf master archer (D)
  4 storm dragons (D)
  A frost giant (D)
  A deep elf sorcerer (D)
  A blizzard demon (D)
  2 fire dragons (D)
  2 ice dragons (D)
  A spriggan air mage (D)
  A hydra (D)
  A naga warrior (D)
  4 dancing weapons (D)
  3 death drakes (D)
  A deep elf archer (D)
  4 deep elf pyromancers (D)
  A deep elf zephyrmancer (D)
  A wolf spider (D)
  3 guardian serpents (D)
  An eye of devastation (D)
  2 naga magi (D)
  2 rime drakes (D)
  2 freezing wraiths (D)
  An ice devil (D)
  2 polar bears (D)
  A wind drake (D)
  2 hornets (D)
  A tarantella (D)
  8 air elementals (D)
  6 spriggans (D)
  Sigmund (D)
  2 steam dragons (D)
  A redback (D)
  2 nagas (D)
  Edmund (D)
  A hell hound (D)
  An acid dragon (D)
  Duvessa (D)
  A water moccasin (D)
  A floating eye (D)
  3 black bears (D)
  2 ice beasts (D)
  2 wolves (D)
  A small abomination (D)
  An earth elemental (D)
  6 scorpions (D)
  Blork the orc (D)
  Dowan (D)
  3 crimson imps (D)
  4 jellies (D)
  Crazy Yiuf (D)
  2 orc priests (D)
  Jessica (D)
  3 orc wizards (D)
  2 shadow imps (D)
  An ufetubus (D)
  2 adder simulacra (D)
  An orc (D)
  2 ball pythons (D)
  2 endoplasms (D)
113 creatures vanquished.

Vanquished Creatures (others)
  A wyvern (D)
1 creature vanquished.

Grand Total: 114 creatures vanquished

Notes
Turn   | Place    | Note
-------+----------+-------------------------------------------
     0 | D        | Hubris850 the Hill Orc Monk began the quest for the Orb.
     0 | D        | Reached XP level 1. HP: 19/19 MP: 1/1
    13 | D        | Found a blossoming altar of Fedhas.
    13 | D        | Found the +6 Majin-Bo {vamp, MP+6 Int+6}
    13 | D        | Found the +9 heavy crossbow "Sniper" {vorpal, Acc+∞ SInv}
    13 | D        | Found the +10 dark maul {vorpal}
    13 | D        | Found the +15 Maxwell's patent armour {-Cast -Tele rElec
                  | Will+ rCorr}
    13 | D        | Found the +18 shield of the Gong {rElec rN+ Will+ EV-5}
    13 | D        | Found the +14 obsidian axe {vorpal, Mesm Drain Fly SInv}
    13 | D        | Found the +7 great mace "Firestarter" {inner flame, rF++}
    13 | D        | Found the +6 shillelagh "Devastator" {shatter}
    13 | D        | Found the +11 plutonium sword {Contam Stlth-}
    13 | D        | Found the +8 lance "Wyrmbane" {slay drac, rPois rF+ rC+
                  | AC+3}
    13 | D        | Found the +9 sword of Zonguldrok {reap}
    13 | D        | Found the +13 scythe of Curses {drain, Drain}
    13 | D        | Found the +5 sword of Power {vorpal}
    13 | D        | Found the +7 mace of Variability {chain chaos}
    13 | D        | Found the +7 Singing Sword {vorpal, sonic wave}
    13 | D        | Found the +8 storm bow {elec, penet}
    17 | D        | Found a shimmering blue altar of Sif Muna.
    17 | D        | Found a sacrificial altar of Ru.
    17 | D        | Found a bloodstained altar of Trog.
    17 | D        | Found a stormy altar of Qazlal.
    17 | D        | Found an iron altar of Okawaru.
    17 | D        | Found a sparkling altar of Nemelex Xobeh.
    19 | D        | Found a transporter.
    19 | D        | Found an ancient bone altar of Kikubaaqudgha.
    19 | D        | Found a viscous altar of Jiyva.
    19 | D        | Found a corrupted altar of Lugonu.
    19 | D        | Found a hazy altar of Hepliaklqana.
    19 | D        | Found a burning altar of Makhleb.
    19 | D        | Found an opulent altar of Gozag.
    66 | D        | Became a worshipper of Qazlal Stormbringer
    66 | D        | Reached * piety under Qazlal
    66 | D        | Reached ** piety under Qazlal
    67 | D        | Reached skill level 5 in Axes
    67 | D        | Reached skill level 5 in Invocations
    67 | D        | Reached XP level 2. HP: 26/26 MP: 1/5
   112 | D        | Entered arena 2.
   112 | D        | Noticed a +1 hand axe of freezing
   112 | D        | Noticed a deep elf pyromancer
   112 | D        | Found a transporter.
   120 | D        | Killed a deep elf pyromancer
   121 | D        | Reached skill level 12 in Invocations
   121 | D        | Reached XP level 3. HP: 31/31 MP: 5/10
   121 | D        | Reached XP level 4. HP: 39/39 MP: 6/12
   121 | D        | Reached XP level 5. HP: 45/45 MP: 6/13
   121 | D        | Reached XP level 6. HP: 51/51 MP: 6/15
   126 | D        | Killed a +1 hand axe of freezing
   127 | D        | Reached skill level 14 in Invocations
   127 | D        | Reached XP level 7. HP: 57/57 MP: 6/17
   127 | D        | Reached XP level 8. HP: 64/64 MP: 6/18
   191 | D        | Acquired the +9 staff of Olgreb {rPois∞}
   191 | D        | Found the +9 staff of Olgreb {rPois∞}
   195 | D        | Got the ring of Xom's Flight of Fancy {rElec MP+9 Str+7
                  | Int-3}
   243 | D        | Entered arena 3.
   243 | D        | Noticed an air elemental
   243 | D        | Noticed an air elemental
   243 | D        | Noticed an air elemental
   243 | D        | Found a transporter.
   243 | D        | Paralysed by an air elemental for 1 turns
   244 | D        | Killed an air elemental
   245 | D        | Reached skill level 5 in Maces & Flails
   245 | D        | Paralysed by an air elemental for 1 turns
   246 | D        | Killed an air elemental
   247 | D        | Reached skill level 15 in Invocations
   248 | D        | Paralysed by an air elemental for 1 turns
   250 | D        | Killed an air elemental
   250 | D        | Reached *** piety under Qazlal
   257 | D        | Got the amulet of Xelucuzi {Acrobat Will+ Int+2}
   368 | D        | Entered arena 4.
   368 | D        | Found a transporter.
   369 | D        | Reached **** piety under Qazlal
   384 | D        | Entered arena 5.
   384 | D        | Found a transporter.
   392 | D        | Reached XP level 9. HP: 62/70 MP: 20/20
   395 | D        | Reached skill level 16 in Invocations
   429 | D        | Entered arena 6.
   429 | D        | Found a transporter.
   430 | D        | Reached ***** piety under Qazlal
   431 | D        | Reached skill level 10 in Armour
   431 | D        | Reached skill level 10 in Shields
   432 | D        | Reached skill level 17 in Invocations
   443 | D        | Entered arena 7.
   443 | D        | Found the +3 Elemental Staff {rElec rF++ rC++ AC+5}
   443 | D        | Noticed a spriggan rider
   443 | D        | Noticed a spriggan rider
   445 | D        | Killed a spriggan rider
   445 | D        | Killed a hornet
   445 | D        | Killed a spriggan rider
   445 | D        | Killed a hornet
   445 | D        | Reached ****** piety under Qazlal
   446 | D        | Reached skill level 19 in Invocations
   446 | D        | Reached XP level 10. HP: 77/77 MP: 23/23
   446 | D        | Found a transporter.
   464 | D        | Entered arena 8.
   465 | D        | Found a transporter.
   475 | D        | Got the Textbook on Exhumation and the Assassin
   479 | D        | Got the ring of Ninintuc {rC+ Str+4 Int+6}
   484 | D        | Entered arena 9.
   484 | D        | Noticed Sigmund
   484 | D        | Noticed Jessica
   484 | D        | Noticed Blork the orc
   484 | D        | Noticed Crazy Yiuf
   484 | D        | Noticed Dowan
   484 | D        | Noticed Duvessa
   484 | D        | Noticed Edmund
   485 | D        | Killed Crazy Yiuf
   485 | D        | Killed Dowan
   486 | D        | Killed Jessica
   486 | D        | Killed Edmund
   487 | D        | Found a transporter.
   489 | D        | Killed Blork the orc
   491 | D        | Killed Duvessa
   496 | D        | Killed Sigmund
   508 | D        | Got the ring "Daoripna" {rPois rN+ rCorr Str+4 Int-4}
   587 | D        | Entered arena 10.
   587 | D        | Noticed an eye of devastation
   588 | D        | Found a transporter.
   588 | D        | Paralysed by a floating eye for 2 turns
   595 | D        | Reached skill level 10 in Maces & Flails
   611 | D        | Killed an eye of devastation
   612 | D        | Reached skill level 20 in Invocations
   910 | D        | Entered arena 11.
   910 | D        | Noticed a wolf spider
   911 | D        | Found a transporter.
   915 | D        | Killed a wolf spider
   916 | D        | Reached XP level 11. HP: 82/82 MP: 25/25
   922 | D        | Got the ring "Odov" {Fly rC+}
   926 | D        | Acquired the +0 pair of gloves "Uloc Pedgh" {Regen+ SInv}
   956 | D        | Got the ring of Zazoe {Int+4 Dex+6}
   959 | D        | Entered arena 12.
   959 | D        | Noticed a storm dragon
   959 | D        | Noticed a spriggan air mage
   959 | D        | Noticed a storm dragon
   959 | D        | Paralysed by an air elemental for 1 turns
   959 | D        | Noticed a storm dragon
   960 | D        | Noticed a storm dragon
   961 | D        | Killed a spriggan air mage
   961 | D        | Killed a storm dragon
   961 | D        | Killed a storm dragon
   961 | D        | Killed a storm dragon
   961 | D        | Killed a storm dragon
   962 | D        | Reached skill level 23 in Invocations
  1110 | D        | Found a transporter.
  1126 | D        | Got the ring of Eggaeles {MP+9 Str-5 Dex+2 Stlth+}
  1129 | D        | Entered arena 13.
  1129 | D        | Noticed a naga warrior
  1131 | D        | Found a transporter.
  1139 | D        | Reached XP level 12. HP: 57/90 MP: 27/27
  1142 | D        | Killed a naga warrior
  1194 | D        | Entered arena 14.
  1194 | D        | Noticed a fire dragon
  1195 | D        | Noticed an ice dragon
  1195 | D        | Noticed a fire dragon
  1196 | D        | Noticed a six-headed hydra
  1196 | D        | Found the +4 robe of Folly {Brilliance Will-∞ Int+8}
  1198 | D        | Found a transporter.
  1200 | D        | Killed an ice dragon
  1200 | D        | Killed a six-headed hydra
  1200 | D        | Killed a fire dragon
  1201 | D        | Reached skill level 15 in Armour
  1201 | D        | Reached skill level 24 in Invocations
  1214 | D        | Killed a fire dragon
  1215 | D        | Reached skill level 25 in Invocations
  1287 | D        | Got the amulet of the Imbibing Traitor {Acrobat +Blink
                  | rPois}
  1292 | D        | Entered arena 15.
  1293 | D        | Noticed a frost giant
  1293 | D        | Noticed a blizzard demon
  1293 | D        | Noticed an ice dragon
  1294 | D        | Found the amulet of the Four Winds {rN+ Will+++ Clar}
  1295 | D        | Killed a blizzard demon
  1295 | D        | Killed a frost giant
  1295 | D        | Killed an ice dragon
  1296 | D        | Reached skill level 15 in Maces & Flails
  1296 | D        | Reached skill level 26 in Invocations
  1296 | D        | Reached XP level 13. HP: 95/95 MP: 29/30
  1433 | D        | Found a transporter.
  1441 | D        | Got the Collected Works on Metamorphic Curses
  1455 | D        | Entered arena 16.
  1456 | D        | Noticed a deep elf sorcerer
  1457 | D        | Identified the +5 dagger of Absolution {vorpal, rCorr
                  | Str+5}
  1457 | D        | Noticed a deep elf master archer
  1462 | D        | Paralysed by an air elemental for 1 turns
  1464 | D        | Killed a deep elf sorcerer
  1464 | D        | Killed a deep elf master archer
  1464 | D        | Slain by an eight-headed hydra (glowing shapeshifter)

Illustrated notes

Levels and vault maps discovered:
D:        sprint_v [room_start, room_1, room_2, room_3, room_4, room_5, room_6,
          room_7, room_8, room_9, room_10, room_11, room_12, room_13, room_14,
          room_15, room_16, room_17, room_18, room_19, room_20, room_21,
          room_22, room_23, room_24, room_25, room_26, room_27]

Skill      XL: |  1  2  3  4  5  6  7  8  9 10 11 12 |
---------------+-------------------------------------+-----
Axes           | 5 9 |  9.5
Armour         | 3 7 8 9 11 12 14 16 | 16.4
Shields        | 3 7 8 9 11 13 16 19 | 19.3
Invocations    | 5 12 14 15 19 20 23 26 | 26.1
Maces & Flails | 4 6 9 10 12 15 | 15.0
Fighting       | |  3.6
Dodging        | |  2.4
Stealth        | |  1.5

Action                   |  1- 3 |  4- 6 |  7- 9 | 10-12 | 13-15 || total
-------------------------+-------+-------+-------+-------+-------++-------
Melee: Shillelagh        |     6 |     6 |    19 |    62 |     5 ||    98
Invok: Upheaval          |       |       |     5 |     3 |       ||     8
       Disaster Area     |       |       |       |     3 |     1 ||     4
Evoke: Wand              |       |       |       |     1 |       ||     1
  Use: Potion            |     3 |       |       |       |       ||     3
       Scroll            |       |       |     1 |     1 |       ||     2
Armor: Gold dragon scale |     2 |     1 |    12 |    20 |    17 ||    52
Dodge: Dodged            |       |       |       |     4 |     3 ||     7
Block: Kite shield       |    14 |     5 |    20 |    85 |    17 ||   141

Table legend: (Time is in decaauts)
 A = Elapsed time spent in this place.
 B = Non-inter-level travel time spent in this place.
 C = Inter-level travel time spent in this place.
 D = Time resting spent in this place.
 E = Time spent auto-exploring this place.
 F = Levels seen in this place.
 G = Mean time per level.
                   A        B        C        D        E       F      G
               +--------+--------+--------+--------+--------+-----+--------+
         Total |   1464 |   1464 |      0 |    984 |      0 |   1 | 1464.0 |
       Dungeon |   1464 |   1464 |      0 |    984 |      0 |   1 | 1464.0 |
               +--------+--------+--------+--------+--------+-----+--------+

Top non-repeatable levels by time:
       D: 1464 daAuts
